 Dungeon Crawl Stone Soup version 0.23-a0-480-g1869896 (webtiles) character file.

187 Firecrotchwizard the Cudgeler (level 5, -1/34 HPs)
             Began as a Gargoyle Berserker on Nov 29, 2018.
             Was a Believer of Trog.
             Slain by Grinder (2 damage)
             ... on level 3 of the Dungeon.
             The game lasted 00:05:29 (2894 turns).

Firecrotchwizard the Cudgeler (Gargoyle Berserker)  Turns: 2894, Time: 00:05:30

Health: -1/34      AC:  7    Str: 22    XL:     5   Next: 66%
Magic:  5/5        EV: 12    Int:  7    God:    Trog [**....]
Gold:   170        SH:  0    Dex:  9    Spells: 4/4 levels left

rFire    . . .     SeeInvis .   n - +0 flail
rCold    . . .     Gourm    .   (no shield)
rNeg     + . .     Faith    .   b - +0 animal skin
rPois    ∞         Spirit   .   (no helmet)
rElec    +         Reflect  .   (no cloak)
rCorr    .         Harm     .   (no gloves)
MR       .....                  i - +0 pair of boots
Stlth    +.........             (no amulet)
HPRegen  0.11/turn              p - ring of wizardry {Wiz+, !d}
MPRegen  0.09/turn              (no ring)

@: berserk cooldown, slowed, very slow
A: negative energy resistance 1, electricity resistance, unbreathing,
petrification resistance, rot immunity, AC +4
a: Berserk, Trog's Hand, Renounce Religion


You were on level 3 of the Dungeon.
You worshipped Trog.
Trog was pleased with you.
You were hungry.

You visited 1 branch of the dungeon, and saw 3 of its levels.

You collected 170 gold pieces.

Inventory:

Hand Weapons
 a - a +0 mace
 n - a +0 flail (weapon)
   (You took it off an orc on level 2 of the Dungeon)
Armour
 b - a +0 animal skin (worn)
 i - a +0 pair of boots (worn)
   (You found it on level 1 of the Dungeon)
Jewellery
 p - a ring of wizardry (left hand) {Wiz+, !d}
   (You found it on level 3 of the Dungeon)
Scrolls
 d - 4 scrolls of identify {unknown}
 f - 2 scrolls of teleportation {unknown}
 g - a scroll of immolation {unknown}
 j - a scroll of blinking {unknown}
 l - 6 scrolls of remove curse {unknown}
 m - 2 scrolls of amnesia {unknown}
 o - a scroll of magic mapping {unknown}
Potions
 e - 2 potions of flight {unknown}
 h - a potion of degeneration {unknown}
 k - 2 potions of curing {unknown}
 q - a potion of invisibility {unknown}
Comestibles
 c - 9 rations
 r - 3 chunks of flesh {@w0}


   Skills:
 + Level 4.3 Fighting
 * Level 4.8 Maces & Flails
 + Level 3.6 Armour
 - Level 1.5 Dodging


You had 4 spell levels left.
You didn't know any spells.
Your spell library was empty.

Dungeon Overview and Level Annotations

Branches:
Dungeon (3/15)

Altars:

Annotations:
D:3 Grinder


Innate Abilities, Weirdness & Mutations

You are resistant to torment.
Your stone body is resilient. (AC +4)
You are immune to poison.
You resist negative energy. (rN+)
You are resistant to electric shocks. (rElec)
You can survive without breathing.
You are immune to petrification.
You are immune to rotting.


Message History

A bat comes into view.
The bat hits you but does no damage. The bat barely misses you.
There is an open door here.
You hit the bat. The bat barely misses you.
The bat hits you but does no damage. The bat barely misses you.
The bat closely misses you.
You see here a pair of gloves.
You barely miss the bat. The bat barely misses you.
You closely miss the bat. The bat hits you but does no damage.
The bat barely misses you. The bat closely misses you.
There is an open door here.
The bat barely misses you. x2
You barely miss the bat. The bat barely misses you.
The bat hits you but does no damage. The bat misses you.
The bat barely misses you.
You barely miss the bat. The bat barely misses you.
The bat hits you but does no damage.
Grinder comes into view.
Grinder shouts!
The bat hits you.
You take 1 damage, and have 33/34 hp.
Your skin crawls.
You feel resistant to hostile enchantments.
You are feeling hungry.
The bat hits you.
Grinder blinks!
You closely miss the bat. The bat hits you.
You miss the bat. The bat barely misses you.
Health restored: 34 You miss the bat.
You feel the effects of Trog's Hand fading.
The bat hits you but does no damage.
Grinder blinks!
You hit the bat but do no damage. The bat barely misses you.
The bat hits you but does no damage.
You barely miss the bat. The bat hits you. The bat closely misses you.
You take 1 damage, and have 33/34 hp.
The bat closely misses you.
Health restored: 34 You hit the bat.
The bat hits you but does no damage. The bat misses you.
You hit the bat.
Your skin stops crawling.
You feel less resistant to hostile enchantments.
The bat hits you but does no damage.
You sock the bat!
You kill the bat!
Trog accepts your kill.
You barely miss Grinder. Grinder misses you.
Grinder hits you but does no damage.
You thump Grinder! Grinder closely misses you.
You closely miss Grinder.
Grinder blinks!
You start waiting.
Eating one of 4 chunks of flesh {@w0}.
You eat one of the 4 chunks of flesh {@w0}.
Grinder is too close now for your liking.
You hit Grinder. Grinder hits you but does no damage.
You closely miss Grinder. Grinder closely misses you.
A red film seems to cover your vision as you go berserk!
You feel yourself moving faster!
You feel mighty!
You are feeling hungry.
Grinder gestures at you.
You suddenly lose the ability to move!
Grinder blinks!
You can move again.
You now have 51/51 hp.
Unknown command.
You feel a strong urge to attack something.
Grinder gestures at you.
You shrug off the repeated paralysis!
Grinder gestures at you.
You shrug off the repeated paralysis!
You feel your anger nearly subside.
You are no longer berserk.
You are exhausted.
You feel yourself slow down. Grinder barely misses you.
You now have 34/34 hp.
You hit Grinder but do no damage. Grinder barely misses you.
Grinder gestures at you. Pain shoots through your body!
You take 2 damage, and have 32/34 hp.
You closely miss Grinder. Grinder hits you but does no damage.
Grinder hits you.
You writhe in agony.
You take 2 damage, and have 30/34 hp.
You barely miss Grinder. Grinder hits you but does no damage.
Unknown command.
You barely miss Grinder. Grinder hits you!
You writhe in agony.
Grinder gestures at you. Pain shoots through your body!
You take 15 damage, and have 15/34 hp.
MASSIVE DAMAGE!!
You barely miss Grinder. Grinder hits you.
* * * LOW HITPOINT WARNING * * *
You writhe in agony.
* * * LOW HITPOINT WARNING * * *
Grinder hits you but does no damage.
You take 6 damage, and have 9/34 hp.
You closely miss Grinder. Grinder closely misses you. x2
You sock Grinder! Grinder hits you!
* * * LOW HITPOINT WARNING * * *
You writhe in agony.
You die...

#.............##..#.#.......#
#.#.#####.....##..#.#........
####.#...........##..#.#....####
#................'.[.#.#....#
####.#.#####.....##..#.#....#
####.#.#####.....##..#.##+######
#......................# .....
####.#.##.###..#####...## .....
#.#.........@5.........+.....
#.#.........######..##.#.....
#.##........# #..##.#.....
####........# #..##.#.....
#......(.######..##.#.....
#................##.#.....
#........######..##.######
#................##.######
####'##...................


You could see Grinder.

Vanquished Creatures
  An orc priest (D:2)
  2 orc wizards (D:2)
  3 adders
  3 worms
  A dart slug (D:1)
  2 leopard geckos
  4 orcs
  4 giant cockroaches
  3 goblins
  9 hobgoblins
  2 jackals (D:2)
  3 kobolds (D:3)
  A quokka (D:3)
  8 bats
  4 frilled lizards
  8 rats
58 creatures vanquished.

Vanquished Creatures (others)
  A plant (D:2)
1 creature vanquished.

Grand Total: 59 creatures vanquished

Notes
Turn   | Place    | Note
-------+----------+-------------------------------------------
     0 | D:1      | Firecrotchwizard the Gargoyle Berserker began the quest for
                  | the Orb.
     0 | D:1      | Reached XP level 1. HP: 14/14 MP: 1/1
   443 | D:1      | Reached XP level 2. HP: 18/19 MP: 2/2
   951 | D:1      | Reached XP level 3. HP: 17/23 MP: 3/3
  1520 | D:2      | Reached ** piety under Trog
  1607 | D:2      | Reached skill level 4 in Maces & Flails
  1607 | D:2      | Reached skill level 3 in Armour
  1607 | D:2      | Reached XP level 4. HP: 29/29 MP: 4/4
  1620 | D:2      | Reached skill level 4 in Fighting
  1807 | D:2      | Reached XP level 5. HP: 31/33 MP: 5/5
  2863 | D:3      | Noticed Grinder
  2882 | D:3      | Paralysed by Grinder for 2 turns
  2894 | D:3      | HP: 1/34 [Grinder (8)]
  2894 | D:3      | Slain by Grinder

Vault maps used:
D:1:      psy_arrival_basics, kennysheep_decorative_pillar, corexii_corridor_pit
D:2:      first_ration, guppyfry_early_lair_pool
D:3:      uniq_grinder

Skill      XL: |  1  2  3  4 |
---------------+-------------+-----
Maces & Flails | 4 |  4.8
Armour         | 3 |  3.6
Fighting       | 4 |  4.3
Dodging        | |  1.5

Action                   |  1- 3 |  4- 6 || total
-------------------------+-------+-------++-------
Melee: Mace              |    88 |    19 ||   107
       Flail             |       |   100 ||   100
Throw: Tomahawk          |       |     9 ||     9
Invok: Berserk           |     2 |     1 ||     3
       Trog's Hand       |     1 |     1 ||     2
 Stab: Sleeping          |     1 |       ||     1
  Eat: Chunk             |     4 |     5 ||     9
Armor: Animal skin       |    26 |    60 ||    86
Dodge: Dodged            |    65 |    99 ||   164

Table legend:
 A = Non-vault XP
 B = Vault XP
 C = Vault XP percentage of total XP
 D = Non-vault monster count
 E = Vault monster count
 F = Vault count percentage of total count
                 A         B        C        D         E       F
            +---------+---------+-------+---------+---------+-------
      Total |     268 |       0 |   0.0 |      58 |       0 |   0.0
            +---------+---------+-------+---------+---------+-------
        D:1 |      65 |       0 |   0.0 |      20 |       0 |   0.0
        D:2 |     147 |       0 |   0.0 |      15 |       0 |   0.0
        D:3 |      56 |       0 |   0.0 |      23 |       0 |   0.0
            +---------+---------+-------+---------+---------+-------

Vault maps used:
D:1:      psy_arrival_basics, kennysheep_decorative_pillar, corexii_corridor_pit
D:2:      first_ration, guppyfry_early_lair_pool
D:3:      uniq_grinder

Table legend:
 A = Turns spent in this place as a percentage of turns spent in the entire game.
 B = Non-inter-level travel turns spent in this place as a percentage of non-inter-level travel turns spent in the entire game.
 C = Inter-level travel turns spent in this place as a percentage of turns spent in this place.
 D = Turns resting spent in this place as a percentage of non-inter-level travel turns spent in this place.
 E = Turns spent auto-exploring this place as a percentage of non-inter-level travel turns spent in this place.
 F = Non-inter-level travel turns spent in this place divided by the number of levels of this place that you've seen.
                   A       B       C       D       E      F
               +-------+-------+-------+-------+-------+----------------------
         Total | 100.0 | 100.0 |   4.3 |  28.7 |  53.3 | 923.0
       Dungeon | 100.0 | 100.0 |   4.3 |  28.7 |  53.3 | 923.0
               +-------+-------+-------+-------+-------+----------------------

Table legend:
 A = Kills in this place as a percentage of kills in entire the game.
 B = Kills by you in this place as a percentage of kills by you in the entire game.
 C = Kills by friends in this place as a percentage of kills by friends in the entire game.
 D = Other kills in this place as a percentage of other kills in the entire game.
 E = Experience gained in this place as a percentage of experience gained in the entire game.
 F = Experience gained in this place divided by the number of levels of this place that you have seen.
                   A       B       C       D       E      F
               +-------+-------+-------+-------+-------+----------------------
         Total | 100.0 | 100.0 |   N/A |   N/A | 100.0 |  89.3
       Dungeon | 100.0 | 100.0 |   N/A |   N/A | 100.0 |  89.3
               +-------+-------+-------+-------+-------+----------------------
